 Dungeon Crawl Stone Soup version 0.29.1-12-g30fa7ad0bf (webtiles) character file.

Game seed: 10043772383850087535

6989 kingsuperguy the Basher (level 10, -1/135 HPs)
             Began as a Minotaur Berserker on Dec 15, 2022.
             Was a High Priest of Trog.
             Killed from afar by an air elemental (11 damage)
             ... with a stunning burst
             ... on level 9 of the Dungeon.
             The game lasted 00:14:50 (10120 turns).

kingsuperguy the Basher (Minotaur Berserker)       Turns: 10120, Time: 00:14:50

Health: -1/135     AC: 25    Str: 26    XL:     10   Next: 81%
Magic:  9/9        EV:  2    Int:  4    God:    Trog [*****.]
Gold:   519        SH:  5    Dex: 10    Spells: 9/9 levels left

rFire   . . .      SeeInvis .   G - +2 morningstar (venom)
rCold   . . .      Faith    .   (no shield)
rNeg    . . .      Spirit   .   (body armour currently unavailable)
rPois   +          Reflect  +   (helmet currently unavailable)
rElec   .          Harm     .   (cloak currently unavailable)
rCorr   .          Rampage  .   (gloves currently unavailable)
Will    .....      NoTele   +   (boots currently unavailable)
Stlth   ++........              o - amulet of reflection
HPRegen 0.32/turn               (no ring)
MPRegen 0.11/turn               (no ring)

@: mighty, tree-form, on berserk cooldown, slowed, very slow
A: stationary, stasis, torment immunity, boosted hp, (horns 2), (retaliatory
headbutt)
a: Renounce Religion, Berserk, Trog's Hand, Brothers in Arms


You were on level 9 of the Dungeon.
You worshipped Trog.
Trog was extremely pleased with you.
You were a tree.
You visited 1 branch of the dungeon, and saw 9 of its levels.
You visited the Abyss 1 time.

You collected 519 gold pieces.

Inventory:

Hand Weapons
 a - a +0 mace
 G - a +2 morningstar of venom (weapon)
Missiles
 I - 6 curare-tipped darts (quivered)
Armour
 b - a +0 animal skin
 k - a +1 chain mail (melded)
 p - a +0 pair of boots (melded)
 r - a +2 cloak of willpower (melded)
 t - a +0 pair of gloves (melded)
 O - a scarf of shadows
Jewellery
 o - an amulet of reflection (around neck)
 H - a ring of fire
 K - an amulet of the acrobat
Wands
 z - a wand of mindburst (17)
 D - a wand of paralysis (10)
 F - a wand of roots (13)
 N - a wand of flame (17)
Scrolls
 c - 3 scrolls of magic mapping {unknown}
 e - 3 scrolls of amnesia
 i - a scroll of enchant armour
 m - 2 scrolls of teleportation {unknown}
 n - 3 scrolls of enchant weapon {unknown}
 u - a scroll of fear {unknown}
 y - 3 scrolls of identify {unknown}
 A - a scroll of poison {unknown}
 C - a scroll of summoning {unknown}
 J - a scroll of immolation {unknown}
 M - a scroll of silence {unknown}
Potions
 d - 2 potions of attraction {unknown}
 f - a potion of resistance {unknown}
 g - 4 potions of mutation {unknown}
 j - 4 potions of curing
 l - 2 potions of lignification
 q - a potion of might
 s - a potion of magic {unknown}
 v - 4 potions of brilliance {unknown}
 w - 4 potions of heal wounds {unknown}
 x - 2 potions of ambrosia {unknown}
 B - a potion of flight {unknown}
 E - a potion of degeneration {unknown}
 L - a potion of berserk rage {unknown}


   Skills:
 + Level 8.9 Fighting
 + Level 13.5 Maces & Flails
 + Level 10.1 Armour
 + Level 4.5 Dodging
 + Level 1.7 Stealth
 + Level 5.9 Shields


You had 9 spell levels left.
You didn't know any spells.
Your spell library was empty.

Dungeon Overview and Level Annotations

Branches:
Dungeon (9/15)             Temple (0/1) D:4
   Lair: D:8-11         Orc: D:9-12

Altars:
Gozag
Okawaru
Qazlal
Trog
Uskayaw
Vehumet
Xom

Shops:
D:7 (

Annotations:
D:4 2 transporters, Barsook's ghost, amateur DsFi


Innate Abilities, Weirdness & Mutations

You are a tree.
Your roots penetrate the ground, keeping you stationary.
You cannot be teleported.
You are immune to unholy pain and torment.
Your maximum health is greatly increased.
Your equipment is partially melded.
((You have a pair of horns on your head.))
((You reflexively headbutt those who attack you in melee.))


Message History

You hear some strange, mumbled words.
The air elemental hits you but does no damage.
It was a potion of curing.
You feel better. The air elemental hits you.
* * * LOW HITPOINT WARNING * * *
The air elemental misses you. The air elemental barely misses you.
You furiously retaliate!
You headbutt the air elemental! The orc hits you but does no damage.
The air elemental fires a burst of electricity at you.
The stunning burst hits you!
You shrug off the repeated paralysis!
* * * LOW HITPOINT WARNING * * *
You hear some strange, mumbled words.
Something tries to affect you, but you resist.
It was a potion of lignification.
You turn into a tree.
Your +2 cloak of willpower melds into your body.
Your +0 pair of gloves melds into your body.
Your +0 pair of boots melds into your body.
Your +1 chain mail melds into your body.
You feel less strong-willed.
Your roots penetrate the ground.
The air elemental fires a burst of electricity at you.
The stunning burst hits you!
You suddenly lose the ability to move!
* * * LOW HITPOINT WARNING * * *
The air elemental hits you but does no damage. x3
You can move again.
It was a potion of might.
You feel very mighty all of a sudden. You block the air elemental's attack.
The air elemental hits you but does no damage.
The orc hits you but does no damage.
The orc priest begins to cast a cantrip, but forgets the words!
The air elemental hits you.
* * * LOW HITPOINT WARNING * * *
Something hits you but does no damage. The orc hits you but does no damage.
Something hits you but does no damage.
The air elemental fires a burst of electricity at you.
The stunning burst hits you.
You shrug off the repeated paralysis!
* * * LOW HITPOINT WARNING * * *
You feel better.
The air elemental fires a burst of electricity at you.
The stunning burst hits you!
You shrug off the repeated paralysis!
You die...

..######.#...........
.....................
..........##.........
..........##.........
..........##.........
..........##..#######
..........##..#....#
..........###.#....#
..........# #{♣....#
......E#....#
...###o#....# .
#o#....# .o#....+
..#....# ...######
...


You could see an air elemental, 2 orc priests and an orc.

Vanquished Creatures
  A death yak (D:9)
  A large abomination (Abyss:3)
  2 centaur zombies (D:8)
  A centaur skeleton (D:8)
  A polar bear (D:8)
  2 hellwings (D:8)
  Grinder (D:6)
  A meliai zombie (D:8)
  A wyvern (D:9)
  A vampire (D:9)
  2 steam dragons
  A neqoxec (Abyss:3)
  A water moccasin (D:7)
  An orc warrior (D:7)
  A sky beast (D:8)
  An ice beast (D:5)
  A black bear (D:5)
  3 ogres
  4 centaurs
  4 phantoms
  2 kobold brigands (D:8)
  7 scorpions
  4 killer bees
  An electric eel (D:9)
  4 howler monkeys
  4 jellies
  2 hounds
  6 orc priests
  Crazy Yiuf (D:6)
  2 gnoll boudas
  A boggart zombie (D:8)
  An iguana (D:7)
  5 orc wizards
  A boggart skeleton (D:8)
  A centaur simulacrum (D:9)
  7 gnolls
  12 adders
  5 shadow imps
  3 white imps
  2 ufetubi
  5 worms
  A dart slug (D:3)
  30 orcs
  11 bats
  9 endoplasms
  A giant cockroach (D:1)
  7 goblins
  9 hobgoblins
  9 jackals
  2 quokkas
  3 ball pythons
  5 frilled lizards
  15 kobolds
  5 rats
214 creatures vanquished.

Vanquished Creatures (others)
  13 fungi (D:4)
  5 withered plants (D:8)
18 creatures vanquished.

Grand Total: 232 creatures vanquished

Notes
Turn   | Place    | Note
-------+----------+-------------------------------------------
     0 | D:1      | kingsuperguy the Minotaur Berserker began the quest for the
                  | Orb.
     0 | D:1      | Reached XP level 1. HP: 19/19 MP: 0/0
   297 | D:1      | Reached XP level 2. HP: 24/27 MP: 1/1
   342 | D:1      | Reached skill level 4 in Maces & Flails
   374 | D:1      | Reached ** piety under Trog
   695 | D:1      | You fall into a shaft and drop 1 floor!
   716 | D:2      | Reached XP level 3. HP: 17/33 MP: 2/2
  1037 | D:2      | Found a faded altar of an unknown god.
  1050 | D:2      | Reached XP level 4. HP: 29/41 MP: 3/3
  1817 | D:2      | Found an iron altar of Okawaru.
  1828 | D:2      | Reached skill level 5 in Maces & Flails
  2830 | D:3      | Found a bloodstained altar of Trog.
  2832 | D:4      | Found a transporter.
  2968 | D:3      | Reached XP level 5. HP: 46/47 MP: 4/4
  3338 | D:3      | Reached skill level 5 in Fighting
  4091 | D:4      | Found a transporter.
  4093 | D:4      | Noticed Barsook's ghost (amateur DsFi)
  4191 | D:4      | Found a staircase to the Ecumenical Temple.
  4200 | D:4      | Reached XP level 6. HP: 56/56 MP: 5/5
  4226 | D:4      | Reached skill level 6 in Maces & Flails
  4226 | D:4      | Reached skill level 1 in Shields
  4765 | D:4      | Reached *** piety under Trog
  4830 | D:4      | Reached XP level 7. HP: 55/61 MP: 6/6
  4847 | D:4      | Found the +7 Singing Sword {vorpal, sonic wave}
  4927 | D:4      | Reached skill level 5 in Armour
  4996 | D:4      | Reached skill level 7 in Maces & Flails
  5191 | D:5      | Entered Level 5 of the Dungeon
  5365 | D:5      | Reached XP level 8. HP: 67/70 MP: 7/7
  5560 | D:5      | Reached skill level 8 in Maces & Flails
  6365 | D:6      | Noticed Grinder
  6379 | D:6      | Killed Grinder
  6380 | D:6      | Reached skill level 9 in Maces & Flails
  6480 | D:6      | Found a runed translucent door.
  6481 | D:6      | Noticed Crazy Yiuf
  6553 | D:6      | Found an opulent altar of Gozag.
  6585 | D:6      | Reached skill level 1 in Stealth
  6591 | D:6      | Reached **** piety under Trog
  6863 | D:6      | Reached skill level 10 in Maces & Flails
  6873 | D:6      | Found a radiant altar of Vehumet.
  7241 | D:6      | Killed Crazy Yiuf
  7397 | D:7      | Found Esoleshe's Antique Weapon Shoppe.
  7455 | D:7      | Reached XP level 9. HP: 78/78 MP: 8/8
  7651 | D:7      | Found a stormy altar of Qazlal.
  8220 | D:7      | Found a shimmering altar of Xom.
  8368 | D:7      | Reached skill level 11 in Maces & Flails
  8510 | D:8      | Noticed a hellwing
  8643 | D:8      | Killed a hellwing
  8747 | D:8      | Reached skill level 12 in Maces & Flails
  8747 | D:8      | Reached skill level 5 in Shields
  8747 | D:8      | Reached XP level 10. HP: 84/88 MP: 9/9
  9060 | D:8      | Found a hide-covered altar of Uskayaw.
  9424 | D:9      | Noticed a death yak
  9597 | D:8      | Reached ***** piety under Trog
  9679 | D:9      | Killed a death yak
  9680 | D:9      | Reached skill level 13 in Maces & Flails
 10039 | D:9      | Noticed a wizard
 10047 | Abyss:3  | Cast into level 3 of the Abyss (a wizard)
 10088 | Abyss:3  | Noticed a large abomination
 10094 | Abyss:3  | Killed a large abomination
 10095 | Abyss:3  | Reached skill level 10 in Armour
 10112 | Abyss:3  | Paralysed by an air elemental for 1 turns
 10114 | D:9      | Escaped the Abyss
 10115 | D:9      | Paralysed by an air elemental for 1 turns
 10118 | D:9      | Paralysed by an air elemental for 1 turns
 10119 | D:9      | HP: 6/135 [air elemental (6)]
 10119 | D:9      | HP: 1/135 [air elemental/stunning burst (5)]
 10120 | D:9      | Killed from afar by an air elemental

Illustrated notes

Levels and vault maps discovered:
D:1:      nzn_arrival_crosshair, layout_rooms, minmay_bisected
D:2:      layout_loops_ring, basic_altar, ebering_ecumenical_altar_mist
D:3:      layout_loops_corners, bloody_trog, chequers_serial_rivers_room_b,
          corexii_leaking_fountain
D:4:      old_forge, layout_rooms, minmay_temple_entry_slanted,
          gammafunk_ghost_arena, grunt_ministairs_14
D:5:      minmay_clustersquares, layout_basic, nicolae_underground_beach
D:6:      layout_loops_ring, nicolae_gozag_cash_rules_everything_around_me,
          nicolae_vehumet_radiance, uniq_grinder, uniq_crazy_yiuf_cottage
D:7:      layout_rooms, grunt_qazlal_clouds, tgw_xom, serial_shops, shop
D:8:      cheibrodos_grave_circle, layout_rooms, nicolae_uskayaw_dance_studio
D:9:      layout_basic, serial_ice, serial_ice_e, serial_ice_m, serial_ice_c,
          serial_ice_j, laboratory

Skill      XL: |  1  2  3  4  5  6  7  8  9 10 |
---------------+-------------------------------+-----
Maces & Flails | 4 5 6 7 10 12 13 | 13.5
Fighting       | 4 5 6 8 |  8.9
Armour         | 3 4 5 6 8 10 | 10.1
Dodging        | 3 4 |  4.5
Shields        | 2 3 4 5 |  5.9
Stealth        | 1 |  1.7

Action                   |  1- 3 |  4- 6 |  7- 9 | 10-12 || total
-------------------------+-------+-------+-------+-------++-------
Melee: Mace              |    49 |   152 |    90 |       ||   291
       Headbutt          |     3 |    23 |    43 |    21 ||    90
       Morningstar       |       |       |   139 |   113 ||   252
       Punch             |       |       |     2 |     1 ||     3
Invok: Berserk           |     2 |     2 |     2 |     1 ||     7
  Use: Scroll            |       |       |     1 |     2 ||     3
       Potion            |       |       |       |     4 ||     4
Armor: Animal skin       |     6 |     4 |       |       ||    10
       Chain mail        |       |    71 |   136 |    69 ||   276
       Skin              |       |       |       |     8 ||     8
Dodge: Dodged            |    41 |    86 |    99 |    53 ||   279
Block: Other             |       |    26 |    58 |    33 ||   117
       Reflection        |       |       |     2 |     4 ||     6
